 Dungeon Crawl Stone Soup version 0.29.1-4-g47bece8355 (webtiles) character file.

Game seed: 6324168919267220537

909 Gabide the Charlatan (level 8, -2/58 HPs)
             Began as a Human Artificer on Dec 5, 2022.
             Killed by nerve-wracking pain
             ... invoked by an orc priest
              (14 damage)
             ... on level 5 of the Dungeon.
             The game lasted 00:10:28 (7694 turns).

Gabide the Charlatan (Human Artificer)              Turns: 7694, Time: 00:10:28

Health: -2/58      AC: 12    Str: 14    XL:     8   Next: 29%
Magic:  8/8        EV: 11    Int: 15    God:
Gold:   42         SH: 10    Dex: 14    Spells: 7/7 levels left

rFire   . . .      SeeInvis .     - Unarmed
rCold   + . .      Faith    .   y - +0 buckler
rNeg    . . .      Spirit   .   g - +0 ring mail {rC+}
rPois   .          Reflect  +   u - +2 helmet {Int+3}
rElec   .          Harm     .   n - +0 cloak
rCorr   .          Rampage  .   x - +0 pair of gloves
Will    .....                   A - +0 pair of boots
Stlth   +.........              m - amulet of reflection
HPRegen 0.19/turn               (no ring)
MPRegen 0.11/turn               (no ring)

@: no status effects
A: no striking features
a: no special abilities


You were on level 5 of the Dungeon.
You visited 1 branch of the dungeon, and saw 5 of its levels.

You collected 295 gold pieces.
You spent 253 gold pieces at shops.

Inventory:

Armour
 g - a +0 ring mail of cold resistance (worn)
 n - a +0 cloak (worn)
 u - a +2 helmet of intelligence (worn)
 x - a +0 pair of gloves (worn)
 y - a +0 buckler (worn)
 A - a +0 pair of boots (worn)
Jewellery
 m - an amulet of reflection (around neck)
Wands
 c - a wand of flame (18) (quivered)
 d - a wand of charming (11)
Scrolls
 b - a scroll of blinking {unknown}
 f - 3 scrolls of amnesia
 h - a scroll of poison {unknown}
 i - 3 scrolls of vulnerability
 l - 3 scrolls of teleportation
 q - a scroll of enchant armour {unknown}
 w - a scroll of silence {unknown}
Potions
 a - a potion of cancellation {unknown}
 j - a potion of flight {unknown}
 o - 2 potions of resistance
 p - a potion of degeneration {unknown}
 r - 2 potions of curing
 s - 4 potions of attraction
 t - a potion of berserk rage {unknown}
 v - a potion of haste {unknown}
 z - a potion of mutation {unknown}


   Skills:
 - Level 3.0 Fighting
 - Level 0.3 Maces & Flails
 - Level 4.0 Armour
 - Level 3.0 Dodging
 - Level 1.0 Stealth
 - Level 4.0 Shields
 - Level 3.0 Unarmed Combat
 + Level 5.3 Evocations


You had 7 spell levels left.
You didn't know any spells.
Your spell library was empty.

Dungeon Overview and Level Annotations

Branches:
Dungeon (5/15)             Temple (0/1) D:4

Altars:
Ashenzari
Fedhas
Kikubaaqudgha
Makhleb
Nemelex Xobeh
Okawaru
Sif Muna
Xom
Yredelemnul
The Shining One

Shops:
D:1 *   D:4 ![[!


Message History

You miss something. Something hits you.
* * * LOW HITPOINT WARNING * * *
You barely miss something. Something hits you.
* * * LOW HITPOINT WARNING * * *
You miss something.
You hear some strange, mumbled words.
A magic dart appears from out of thin air!
The magic dart hits you!
* * * LOW HITPOINT WARNING * * *
You feel better. Something hits you.
* * * LOW HITPOINT WARNING * * *
You feel better. You block something's attack.
You hit something.
Reactivating autopickup.
You feel a bit more experienced.
You start resting.
The orc priest is no longer charmed.
You block the orc priest's attack.
You hit the orc priest.
The orc priest is moderately wounded.
You block the orc priest's attack.
You barely miss the orc priest.
The orc priest is moderately wounded.
The orc priest barely misses you.
You hit the orc priest.
The orc priest is heavily wounded.
The orc priest hits you with a +0 flail.
* * * LOW HITPOINT WARNING * * *
Aiming: Throw Flame
Press: ? - help, Q - select action, (/) - cycle Shift-Dir - straight line, f/p - orc priest
Aim: an orc priest, wielding a +0 flail and wearing a +0 leather armour (moderately wounded, 74% to hit)
The puff of flame misses the orc priest.
You block the orc priest's attack.
Aiming: Throw Flame
Press: ? - help, Q - select action, (/) - cycle Shift-Dir - straight line, f/p - orc priest
Aim: an orc priest, wielding a +0 flail and wearing a +0 leather armour (moderately wounded, 74% to hit)
The puff of flame hits the orc priest.
The orc priest is severely wounded.
The orc priest calls down the wrath of Beogh upon you.
Pain shoots through your body!
You die...

#8...8# ##.....## 8.....8
##### #.....#
#...###8...8# #....#
##_## #####.#.#######
##.###.#...#.)@#
###..#....#....)o### ..
........#)###......# ...
..#.#...#..#.....)###...
....#.###...##.##..#....
.......................
...............(......#
..........)....._.##..#
....#.....<.)รท)...##...#


You could see an orc priest.

Vanquished Creatures
  A water moccasin (D:5)
  An ice beast (D:5)
  2 ogres
  A scorpion (D:4)
  2 crimson imps (D:3)
  An orc priest (D:4)
  2 hounds (D:4)
  An iguana (D:4)
  Ijyb (D:5)
  3 orc wizards
  6 adders
  A dart slug (D:1)
  9 orcs (D:4)
  7 endoplasms
  2 giant cockroaches
  2 goblins
  9 hobgoblins
  5 jackals
  9 kobolds
  4 quokkas
  5 ball pythons
  6 bats (D:1)
  4 frilled lizards
  2 goblin skeletons (D:3)
  2 goblin zombies (D:3)
  3 hobgoblin zombies (D:3)
  2 kobold skeletons (D:3)
  2 orc zombies (D:3)
  10 rats
105 creatures vanquished.

Vanquished Creatures (collateral kills)
  A howler monkey (D:5)
  3 orcs (D:5)
4 creatures vanquished.

Vanquished Creatures (others)
  An ice beast (D:5)
  3 orcs (D:5)
4 creatures vanquished.

Grand Total: 113 creatures vanquished

Notes
Turn   | Place    | Note
-------+----------+-------------------------------------------
     0 | D:1      | Gabide the Human Artificer began the quest for the Orb.
     0 | D:1      | Reached XP level 1. HP: 15/15 MP: 1/1
   128 | D:1      | Found Noukesy's Assorted Antiques.
   146 | D:1      | Found a faded altar of an unknown god.
   209 | D:1      | Reached XP level 2. HP: 12/21 MP: 2/2
   368 | D:1      | HP: 1/21 [quokka (4)]
  1383 | D:1      | Reached XP level 3. HP: 23/26 MP: 3/3
  2011 | D:1      | Bought a square beryl amulet for 100 gold pieces
  2135 | D:2      | Reached skill level 1 in Unarmed Combat
  2624 | D:2      | Found a blossoming altar of Fedhas.
  2882 | D:2      | Reached XP level 4. HP: 20/33 MP: 4/4
  3998 | D:3      | Found an ancient bone altar of Kikubaaqudgha.
  4332 | D:3      | Found a glowing golden altar of the Shining One.
  4802 | D:3      | Reached skill level 4 in Evocations
  4802 | D:3      | Reached XP level 5. HP: 23/38 MP: 5/5
  5135 | D:3      | Found a shimmering altar of Xom.
  5135 | D:3      | Found a burning altar of Makhleb.
  5438 | D:4      | Reached XP level 6. HP: 22/46 MP: 6/6
  5761 | D:4      | Found a broken altar of Ashenzari.
  5811 | D:4      | Found Faloiqoe's Armour Shop.
  5825 | D:4      | Bought a +0 pair of gloves for 45 gold pieces
  5844 | D:4      | Found Sifrodah's Armour Shoppe.
  5852 | D:4      | Bought a +0 buckler for 54 gold pieces
  5954 | D:4      | Found Mygusuisch's Distillery.
  6018 | D:4      | Found a basalt altar of Yredelemnul.
  6031 | D:4      | Found a staircase to the Ecumenical Temple.
  6062 | D:4      | Reached skill level 1 in Shields
  6275 | D:4      | Reached XP level 7. HP: 44/52 MP: 7/7
  6322 | D:4      | Found Cauxkile's Distillery.
  6991 | D:4      | Bought a +0 pair of boots for 54 gold pieces
  7006 | D:5      | Entered Level 5 of the Dungeon
  7006 | D:5      | Found a shimmering blue altar of Sif Muna.
  7009 | D:5      | Noticed a water moccasin
  7033 | D:5      | Killed a water moccasin
  7045 | D:5      | Noticed Ijyb
  7075 | D:5      | Killed Ijyb
  7076 | D:5      | Reached XP level 8. HP: 12/58 MP: 8/8
  7335 | D:5      | Found an iron altar of Okawaru.
  7547 | D:5      | Reached skill level 5 in Evocations
  7633 | D:5      | Found a sparkling altar of Nemelex Xobeh.
  7679 | D:5      | HP: 1/58 [something/magic dart (10)]
  7694 | D:5      | Killed from afar by an orc priest

Illustrated notes

Levels and vault maps discovered:
D:1:      psy_arrival_statuary, layout_basic,
          hellmonk_ecumenical_altar_pennies_from_heaven, serial_shops,
          shop_fountains, st_stairs_8
D:2:      layout_basic, basic_altar
D:3:      layout_basic, grunt_temple_overflow_champion_of_chaos,
          lemuel_doored_altar, nicolae_tso_besieged_by_evil,
          kennysheep_small_spiral, hangedman_decor_opposing
D:4:      layout_basic, mainiacjoe_overflow_boulevard,
          nicolae_ashenzari_skybound, minmay_temple_entry_statues_pillars,
          serial_shops, nicolae_square_shop, shop, shop, shop_fountains,
          minmay_crystal_water, minmay_misc_feat_hallway
D:5:      layout_cave_pools, nicolae_overflow_hidden_temple, okawaru_trees_1,
          overflow_temple_1_default, uniq_ijyb

Skill      XL: |  1  2  3  4  5  6  7  8 |
---------------+-------------------------+-----
Unarmed Combat | 1 2 3 |  3.0
Fighting       | 2 3 |  3.0
Dodging        | 2 3 |  3.0
Evocations     | 4 5 |  5.3
Shields        | 1 4 |  4.0
Armour         | 4 |  4.0
Maces & Flails | |  0.3
Stealth        | |  1.0

Action                   |  1- 3 |  4- 6 |  7- 9 || total
-------------------------+-------+-------+-------++-------
Melee: Mace              |    28 |       |       ||    28
       Unarmed           |   205 |   736 |   174 ||  1115
       Punch             |     1 |    10 |       ||    11
Evoke: Wand              |     5 |     2 |    15 ||    22
  Use: Potion            |       |       |     4 ||     4
       Scroll            |       |       |     4 ||     4
 Stab: Sleeping          |       |     1 |       ||     1
Armor: Ring mail         |   122 |   206 |    75 ||   403
       Leather armour    |     2 |       |       ||     2
Dodge: Dodged            |   166 |   282 |    57 ||   505
Block: Other             |    11 |   101 |       ||   112
       Reflection        |       |     1 |     1 ||     2
       Buckler           |       |    78 |    74 ||   152
